[Event "Titled Tuesday Blitz June 27 Late 2023"]
[White "Salem, A.R. Saleh"]
[Black "Haydon, David L"]
[WhiteFideId "9301348"]
[BlackFideId "415405"]
[WhiteElo "2995"]
[BlackElo "2830"]
[Result "1-0"]
[Round "11"]
[TimeControl "180+2"]
[Date "2023.06.27"]
[WhiteClock "0:00:20"]
[BlackClock "0:00:15"]
[Board "10"]

1. d4 c6 2. c4 d5 3. Nf3 Nf6 4. Nc3 e6 5. Bg5 Be7 6. e3 Nbd7 7. Qc2 b6 8. O-O-O Ba6 9. h4 Bxc4 10. Bxc4 dxc4 11. Ne5 Nxe5 12. dxe5 Nd5 13. Ne4 O-O 14. Qxc4 h6 15. Nf6+ Kh8 16. e4 gxf6 17. Bxh6 Rg8 18. Qe2 Rg6 19. Qh5 Kg8 20. exd5 cxd5 21. Kb1 Rc8 22. Bf4 Rc4 23. g3 f5 24. Qe2 Qc8 25. h5 Rg4 26. f3 Rg7 27. Rc1 Kh7 28. b3 Rc5 29. Be3 Rxc1+ 30. Rxc1 Qb7 31. g4 fxg4 32. fxg4 Bc5 33. Bxc5 bxc5 34. Rxc5 Qe7 35. Rc8 Rg8 36. Qc2+ Kh8 37. Rc7 Qb4 38. Rxf7 Qe1+ 39. Kb2 Qxe5+ 40. Ka3 Qd6+ 41. b4 Qa6+ 42. Kb2 Rg7 43. Rf8+ Rg8 44. Qc3+ Kh7 45. Rf7+ Kh6 46. Qf6+ 1-0


[Site "https://www.chess.com"]

[Event "Titled Tuesday Blitz June 27 Late 2023"]
[White "Indjic, Aleksandar"]
[Black "Rustemov, Alexander"]
[WhiteFideId "911925"]
[BlackFideId "4119002"]
[WhiteElo "2965"]
[BlackElo "2893"]
[Result "1-0"]
[Round "11"]
[TimeControl "180+2"]
[Date "2023.06.27"]
[WhiteClock "0:01:04"]
[BlackClock "0:00:00"]
[Board "11"]

1. e4 e6 2. d4 d5 3. e5 c5 4. c3 Qb6 5. Nf3 Bd7 6. Be2 Bb5 7. O-O Bxe2 8. Qxe2 Qa6 9. Qd1 cxd4 10. cxd4 Bb4 11. h4 Ne7 12. h5 h6 13. a3 Nbc6 14. Be3 Rc8 15. g4 Ba5 16. Kg2 Qb5 17. b4 Bd8 18. Nc3 Qb6 19. Rc1 a6 20. Na4 Qa7 21. Nc5 b6 22. Nd3 Qb7 23. Qd2 Na7 24. Rxc8 Nexc8 25. a4 Be7 26. Rc1 Qd7 27. Qc2 Qb7 28. Nd2 Kd7 29. Nb3 Rd8 30. f4 Ke8 31. f5 Qd7 32. Nf4 exf5 33. gxf5 Qxa4 34. f6 gxf6 35. e6 fxe6 36. Nxe6 Nd6 37. Qg6+ Kd7 38. Nec5+ bxc5 39. Nxc5+ Kc7 40. Nxa4+ Nc4 41. Bf4+ Kb7 42. Qf7 Rd7 43. Nc5+ 1-0


[Site "https://www.chess.com"]

[Event "Titled Tuesday Blitz June 27 Late 2023"]
[White "Durarbayli, Vasif"]
[Black "Morefield, Jason"]
[WhiteFideId "13402935"]
[BlackFideId "30920825"]
[WhiteElo "2916"]
[BlackElo "2775"]
[Result "1/2-1/2"]
[Round "11"]
[TimeControl "180+2"]
[Date "2023.06.27"]
[WhiteClock "0:00:08"]
[BlackClock "0:00:07"]
[Board "12"]

1. e4 e5 2. Nc3 Nf6 3. d4 exd4 4. Qxd4 Nc6 5. Qd3 Bb4 6. Bd2 O-O 7. O-O-O Re8 8. Nge2 d6 9. Bg5 Be6 10. f4 Na5 11. Qg3 h6 12. Bxh6 Nh5 13. Qf3 gxh6 14. Qxh5 Qf6 15. Qf3 Nc4 16. Nd4 Bxc3 17. bxc3 Nb6 18. Kb1 Bd7 19. g4 Na4 20. g5 hxg5 21. Rg1 g4 22. Bh3 Kf8 23. Bxg4 Bxg4 24. Rxg4 c5 25. Nb5 a6 26. Rxd6 Qh8 27. Rg3 axb5 28. Rh3 Qg7 29. Rg3 Qh8 30. Rh3 Qg7 31. Rg3 Nxc3+ 32. Qxc3 Qxc3 33. Rxc3 Rxe4 34. Rxc5 Rb4+ 35. Kc1 Rxa2 36. Rf6 Rc4 37. Rxc4 bxc4 38. Kd2 b5 39. Rb6 Rb2 40. Kc3 Rb1 41. h4 Kg7 42. h5 Kh7 43. h6 f5 44. Kd4 Rf1 45. Ke5 Rf2 46. c3 Rf3 47. Kxf5 Rxc3 48. Rxb5 Kxh6 49. Rb6+ Kh7 50. Rb7+ Kh6 51. Rb6+ Kg7 52. Rc6 Rc1 53. Rc7+ Kh6 54. Kf6 c3 55. f5 c2 56. Rc4 Kh5 57. Rc8 Kg4 58. Rc6 Kf4 59. Rc4+ Ke3 60. Ke6 Kd3 61. Rxc2 Rxc2 62. f6 Ke4 63. f7 Rf2 64. Ke7 Ke5 65. f8=Q Rxf8 66. Kxf8 1/2-1/2


[Site "https://www.chess.com"]

[Event "Titled Tuesday Blitz June 27 Late 2023"]
[White "Mikaelyan, Arman"]
[Black "Troff, Kayden"]
[WhiteFideId "13304852"]
[BlackFideId "2047896"]
[WhiteElo "2901"]
[BlackElo "2742"]
[Result "1-0"]
[Round "11"]
[TimeControl "180+2"]
[Date "2023.06.27"]
[WhiteClock "0:00:07"]
[BlackClock "0:00:02"]
[Board "13"]

1. d4 Nf6 2. c4 g6 3. Nc3 d5 4. Nf3 Bg7 5. cxd5 Nxd5 6. e4 Nxc3 7. bxc3 c5 8. Bb5+ Nd7 9. O-O O-O 10. Rb1 b6 11. Re1 Qc7 12. Bg5 Bf6 13. Qd2 Bb7 14. Bxf6 exf6 15. Bxd7 Qxd7 16. dxc5 Qc7 17. cxb6 axb6 18. Qd4 Qe7 19. Rxb6 Rxa2 20. Qxf6 Qxf6 21. Rxf6 Re8 22. e5 Rc2 23. h4 Rxc3 24. Ng5 Bd5 25. Rd6 Rc5 26. Kh2 h6 27. Nh3 Be6 28. Nf4 Bf5 29. Nd5 Kg7 30. f3 Ra8 31. Nf6 Rc2 32. Kg3 Be6 33. h5 gxh5 34. Nxh5+ Kh7 35. Nf4 Rg8+ 36. Kh2 Bb3 37. Re2 Rxe2 38. Nxe2 Rg5 39. f4 Rg6 40. Ng3 Rg4 41. Ne2 Rg6 42. Nd4 Bc4 43. Rxg6 Kxg6 44. g4 h5 45. Kg3 hxg4 46. Kxg4 Bd5 47. f5+ Kg7 48. Kf4 Bc4 49. Nf3 Ba2 50. Ng5 Bb3 51. Ne4 Ba2 52. Kg5 Bb3 53. Nf6 Ba2 54. Nh5+ Kf8 55. Nf4 Kg7 56. Nh5+ Kf8 57. Kf6 Kg8 58. Nf4 Kf8 59. Nd3 Bc4 60. Nc5 Ba2 61. Ne4 Bb3 62. Ng5 Ba2 63. Nf3 Bd5 64. Nd2 Ke8 65. Nf1 Bb3 66. Ne3 Kd7 67. Kg7 Ke7 68. Ng4 Bc2 69. Nh6 Be4 70. f6+ Ke6 71. Nxf7 Bd5 72. Kf8 Kf5 73. Ke7 Ba2 74. Kf8 Ke6 75. Kg7 Bb3 76. Kg6 Ba2 77. Kg7 Bb3 78. Nd8+ Kxe5 79. Nc6+ Kf5 80. Nd4+ Ke5 81. Nxb3 1-0


[Site "https://www.chess.com"]

[Event "Titled Tuesday Blitz June 27 Late 2023"]
[White "Ter-Sahakyan, Samvel"]
[Black "Fernandez Guillen, Ernesto J."]
[WhiteFideId "13302531"]
[BlackFideId "3512428"]
[WhiteElo "2891"]
[BlackElo "2722"]
[Result "0-1"]
[Round "11"]
[TimeControl "180+2"]
[Date "2023.06.27"]
[WhiteClock "0:00:00"]
[BlackClock "0:00:28"]
[Board "14"]

1. e4 e5 2. Nf3 Nc6 3. Bb5 f5 4. d3 fxe4 5. dxe4 Nf6 6. O-O d6 7. Nc3 Bg4 8. h3 Bh5 9. g4 Bg6 10. Ng5 Qd7 11. f4 exf4 12. Bxf4 O-O-O 13. Bxc6 Qxc6 14. Qd4 d5 15. Be3 b6 16. Qa4 Qxa4 17. Nxa4 d4 18. e5 Ne4 19. Nxe4 Bxe4 20. Bg5 Re8 21. Rae1 Bxc2 22. b3 Bb4 23. Rc1 d3 24. Bf4 b5 25. Nb2 Ba3 26. Nxd3 Bxd3 0-1


[Site "https://www.chess.com"]

[Event "Titled Tuesday Blitz June 27 Late 2023"]
[White "Holt, Conrad"]
[Black "Gokerkan, Cem Kaan"]
[WhiteFideId "2034387"]
[BlackFideId "6336760"]
[WhiteElo "2880"]
[BlackElo "2718"]
[Result "1-0"]
[Round "11"]
[TimeControl "180+2"]
[Date "2023.06.27"]
[WhiteClock "0:00:08"]
[BlackClock "0:00:05"]
[Board "15"]

1. d4 Nf6 2. c4 g6 3. Nc3 Bg7 4. e4 O-O 5. Nf3 c5 6. d5 d6 7. h3 e6 8. Bd3 Na6 9. O-O Nc7 10. Re1 Re8 11. dxe6 Nxe6 12. Bc2 b6 13. Ba4 Bd7 14. Bxd7 Qxd7 15. Be3 Rad8 16. Qd3 Qb7 17. Rad1 Nd7 18. Qd5 Qxd5 19. exd5 Bxc3 20. bxc3 Nc7 21. Bf4 Nf6 22. a4 Kg7 23. Rxe8 Ncxe8 24. Re1 Rd7 25. g4 h6 26. Kg2 g5 27. Bc1 Kf8 28. h4 Nxg4 29. hxg5 hxg5 30. Nxg5 f6 31. Ne6+ Kf7 32. Rh1 Ng7 33. Rh7 Kg8 34. Bf4 Ne5 35. Bxe5 fxe5 36. Ng5 Re7 37. Rh6 Nf5 38. Rf6 Ng7 39. Rxd6 Ne8 40. Rd8 Kg7 41. Kf3 Kf6 42. Ne4+ Kg7 43. d6 Rf7+ 44. Ke3 Nf6 45. Ng5 Ng4+ 46. Ke4 Rf4+ 47. Kd5 e4 48. Ne6+ 1-0


[Site "https://www.chess.com"]

[Event "Titled Tuesday Blitz June 27 Late 2023"]
[White "Papp, Levente"]
[Black "Ibarra Jerez, Jose Carlos"]
[WhiteFideId "751243"]
[BlackFideId "2226332"]
[WhiteElo "2693"]
[BlackElo "2880"]
[Result "0-1"]
[Round "11"]
[TimeControl "180+2"]
[Date "2023.06.27"]
[WhiteClock "0:00:00"]
[BlackClock "0:00:51"]
[Board "16"]

1. b3 e5 2. Bb2 Nc6 3. c4 f5 4. Nc3 Nf6 5. g3 d5 6. cxd5 Nxd5 7. Bg2 Nf6 8. d3 Bc5 9. Nf3 O-O 10. O-O Qe7 11. Rc1 Kh8 12. Nd2 Bd7 13. Nc4 a6 14. Nd5 Nxd5 15. Bxd5 Rad8 16. Bxc6 Bxc6 17. Nxe5 Bd5 18. Qc2 Bd6 19. Nc4 f4 20. Nxd6 cxd6 21. Qc3 Rd7 22. Qd4 Bc6 23. e4 Qe6 24. f3 fxg3 25. hxg3 h6 26. Qe3 Qh3 27. f4 d5 28. Be5 dxe4 29. dxe4 Rfd8 30. Qc3 Rd3 31. Bxg7+ Kh7 0-1


[Site "https://www.chess.com"]

[Event "Titled Tuesday Blitz June 27 Late 2023"]
[White "Harshavardhan G B"]
[Black "Ballester Llagaria, Luis Eduardo"]
[WhiteFideId "25059009"]
[BlackFideId "2297620"]
[WhiteElo "2820"]
[BlackElo "2624"]
[Result "1-0"]
[Round "11"]
[TimeControl "180+2"]
[Date "2023.06.27"]
[WhiteClock "0:00:10"]
[BlackClock "0:00:05"]
[Board "17"]

1. d4 d5 2. c4 dxc4 3. e4 b5 4. a4 c6 5. axb5 cxb5 6. Nc3 a6 7. Nxb5 axb5 8. Rxa8 Bb7 9. Ra1 e6 10. Nf3 Nf6 11. e5 Ne4 12. Be2 Bb4+ 13. Kf1 O-O 14. h4 Qd5 15. h5 h6 16. Be3 Nc6 17. Rh4 Rd8 18. Qc1 Ne7 19. Bxh6 Nf5 20. Rg4 Kh7 21. Bxg7 Bd2 22. Qb1 Rg8 23. h6 Bxh6 24. Rxe4 Qxe4 25. Qxe4 Bxe4 26. Bxh6 Kxh6 27. Ra7 Bxf3 28. Bxf3 Nxd4 29. Rxf7 Rc8 30. Bg4 b4 31. Bxe6 c3 32. bxc3 Rxc3 33. Rf6+ Kg7 34. f4 b3 35. Rf7+ Kg6 36. f5+ Kg5 37. Bxb3 Rxb3 38. f6 Ne6 39. Re7 Kf5 40. f7 Rb1+ 41. Kf2 Rb2+ 42. Ke1 Rb8 43. Re8 Rb1+ 44. Kd2 Rb2+ 45. Kc3 Rxg2 46. Rxe6 Rg3+ 47. Kd4 Rg4+ 48. Kd5 Rg1 49. f8=Q+ Kg4 50. Qg7+ Kh3 51. Qxg1 1-0


[Site "https://www.chess.com"]

[Event "Titled Tuesday Blitz June 27 Late 2023"]
[White "Ohanyan, Emin"]
[Black "Vdovin, Vadim"]
[WhiteFideId "13312022"]
[BlackFideId "24107158"]
[WhiteElo "2798"]
[BlackElo "2636"]
[Result "1-0"]
[Round "11"]
[TimeControl "180+2"]
[Date "2023.06.27"]
[WhiteClock "0:00:05"]
[BlackClock "0:00:00"]
[Board "18"]

1. d4 Nf6 2. c4 e6 3. Nf3 d5 4. Nc3 c5 5. e3 a6 6. dxc5 Bxc5 7. a3 O-O 8. b4 Be7 9. Bb2 Nc6 10. Be2 dxc4 11. Bxc4 b5 12. Bd3 Bb7 13. O-O Qc7 14. Qc2 h6 15. Rac1 Rac8 16. Qb1 Qb8 17. Ne4 Rfd8 18. Rfd1 Nd5 19. Nc5 Bxc5 20. Rxc5 Nce7 21. Rxc8 Rxc8 22. e4 Nc3 23. Bxc3 Rxc3 24. Qb2 Qc7 25. Bb1 Ng6 26. h3 e5 27. Qd2 Kh7 28. Ne1 Nf4 29. Kh2 Rxa3 30. Rc1 Qe7 31. g3 Ne6 32. Nd3 Nd4 33. Qb2 Ra4 34. Nc5 Bc6 35. Nxa4 bxa4 36. Rc5 Bb5 37. Kg2 Qf6 38. Qc3 Be2 39. Qe3 Bf3+ 40. Kf1 Bd1 41. Rc1 Bb3 42. Rc3 a3 43. Rxb3 Nxb3 44. Qxb3 Qc6 45. Ba2 Qc1+ 46. Kg2 Qb2 47. Qxf7 Qxb4 48. Be6 1-0


[Site "https://www.chess.com"]

[Event "Titled Tuesday Blitz June 27 Late 2023"]
[White "Sanal, Vahap"]
[Black "Pakleza, Zbigniew"]
[WhiteFideId "6300545"]
[BlackFideId "1119290"]
[WhiteElo "2959"]
[BlackElo "2720"]
[Result "0-1"]
[Round "11"]
[TimeControl "180+2"]
[Date "2023.06.27"]
[WhiteClock "0:01:10"]
[BlackClock "0:00:05"]
[Board "19"]

1. e4 d6 2. d4 Nf6 3. Bd3 e5 4. c3 d5 5. dxe5 dxe4 6. Bb5+ c6 7. Qxd8+ Kxd8 8. exf6 cxb5 9. Bg5 Ke8 10. Nd2 Bf5 11. Ne2 Nd7 12. fxg7 Bxg7 13. Ng3 Bg6 14. Ndxe4 b4 15. O-O-O bxc3 16. Nxc3 Ne5 17. f4 Nd3+ 18. Kb1 Nxf4+ 19. Ka1 Ne6 20. Be3 f5 21. Rhf1 Rf8 22. Nd5 Rd8 23. Bxa7 f4 24. Ne2 Bh5 25. Rfe1 Kf7 26. Rd3 Rfe8 27. Nec3 Nc5 28. Rdd1 Bxd1 29. Rxd1 Ne4 30. Nb5 Re5 31. Nbc7 Nf6 32. Bd4 Rexd5 33. Nxd5 Rxd5 34. Kb1 Ne4 35. Re1 Rxd4 36. Kc2 Kg6 37. a4 Kf5 38. a5 Rd2+ 39. Kb3 Rxb2+ 40. Kc4 Ra2 41. Kb5 Nc3+ 42. Kc4 Rxa5 43. Re7 Bf6 44. Rxh7 b5+ 45. Kd3 Ra3 46. Rh5+ Bg5 47. Rh8 Ne4+ 48. Kc2 Rc3+ 49. Kb2 Bf6 50. Rh5+ Ng5 51. Kb1 Rc8 52. Rh6 Rh8 53. Rxh8 Bxh8 54. h4 Ne4 55. Kc2 Kg4 56. Kd3 Nf2+ 57. Ke2 Nh1 58. Kf1 Ng3+ 59. Kf2 b4 60. h5 b3 61. Kg1 b2 62. h6 b1=Q+ 63. Kh2 Qh1# 0-1


[Site "https://www.chess.com"]

[Event "Titled Tuesday Blitz June 27 Late 2023"]
[White "Hansen, Eric"]
[Black "Rosen, Eric"]
[WhiteFideId "2606771"]
[BlackFideId "2032562"]
[WhiteElo "2868"]
[BlackElo "2688"]
[Result "1-0"]
[Round "11"]
[TimeControl "180+2"]
[Date "2023.06.27"]
[WhiteClock "0:00:03"]
[BlackClock "0:00:00"]
[Board "20"]

1. c4 e6 2. d4 d5 3. Nc3 Nf6 4. cxd5 exd5 5. Bg5 c6 6. e3 Bd6 7. Bd3 h6 8. Bh4 O-O 9. Qc2 Re8 10. Nf3 Be6 11. O-O Nbd7 12. Rab1 a5 13. a3 Rc8 14. Na4 b5 15. Nc5 Nxc5 16. dxc5 Be7 17. Nd4 Bd7 18. b4 a4 19. Rbd1 Nh5 20. Bh7+ Kf8 21. Bxe7+ Qxe7 22. Bf5 Bxf5 23. Nxf5 Qg5 24. Nd6 Nf6 25. Rd4 Kg8 26. Rfd1 Rcd8 27. Nxe8 Rxe8 28. h3 Re7 29. Rf4 Qe5 30. Rdd4 Ne4 31. Qd1 f5 32. Qh5 Rf7 33. Rfxe4 dxe4 34. g3 Rf6 35. h4 Kh7 36. Kg2 Qe7 37. Qd1 Qf7 38. Rd7 Qg6 39. Qd4 f4 40. exf4 Rxf4 41. Rd6 Qg4 42. Rxc6 Qf3+ 43. Kg1 Rf7 44. Qe3 Qg4 45. Rd6 Qf5 46. Rd4 Re7 47. c6 Qe5 48. Rd7 Rxd7 49. cxd7 Qd5 50. Kg2 Qxd7 51. Qxe4+ Kh8 52. h5 Kg8 53. g4 Kh8 54. Qa8+ Kh7 55. Qe4+ Kg8 56. f3 Kh8 57. Kh3 Kg8 58. Qe5 Kh8 59. Kg3 Kg8 60. Kf4 Qf7+ 61. Kg3 Qd7 62. Qc5 Kh8 63. Qf8+ Kh7 64. Qf5+ Qxf5 65. gxf5 Kg8 66. Kf4 Kf8 67. Ke5 Ke7 68. f6+ 1-0


[Site "https://www.chess.com"]

[Event "Titled Tuesday Blitz June 27 Late 2023"]
[White "Mekhitarian, Krikor Sevag"]
[Black "Korchmar, Vasiliy"]
[WhiteFideId "2107660"]
[BlackFideId "24131750"]
[WhiteElo "2854"]
[BlackElo "2710"]
[Result "0-1"]
[Round "11"]
[TimeControl "180+2"]
[Date "2023.06.27"]
[WhiteClock "0:00:10"]
[BlackClock "0:00:43"]
[Board "21"]

1. Nf3 d5 2. c4 c6 3. d4 Nf6 4. e3 e6 5. Bd3 Bb4+ 6. Bd2 Bd6 7. Nc3 Nbd7 8. Rc1 O-O 9. a3 dxc4 10. Bxc4 e5 11. h3 e4 12. Ng5 Nb6 13. Ba2 Qe7 14. Qc2 Bf5 15. g4 Bg6 16. h4 Nxg4 17. Ngxe4 Nd5 18. h5 Bf5 19. Nxd5 cxd5 20. Bxd5 Rac8 21. Qb1 Rxc1+ 22. Bxc1 Re8 23. f3 Nf6 24. Nxf6+ Qxf6 25. e4 Qxd4 26. Qa2 Bg3+ 27. Ke2 Qf2+ 28. Kd3 Qxf3+ 0-1


[Site "https://www.chess.com"]

[Event "Titled Tuesday Blitz June 27 Late 2023"]
[White "Bazeev, German"]
[Black "Goryachkina, Aleksandra"]
[WhiteFideId "24119350"]
[BlackFideId "4147103"]
[WhiteElo "2808"]
[BlackElo "2673"]
[Result "0-1"]
[Round "11"]
[TimeControl "180+2"]
[Date "2023.06.27"]
[WhiteClock "0:00:06"]
[BlackClock "0:01:22"]
[Board "22"]

1. d4 Nf6 2. Nf3 d5 3. c4 e6 4. g3 dxc4 5. Bg2 Bb4+ 6. Bd2 a5 7. a3 Be7 8. Qc2 b5 9. a4 c6 10. O-O O-O 11. b3 cxb3 12. Qxb3 b4 13. Bg5 Ba6 14. Re1 Nbd7 15. Nbd2 Rc8 16. Bxf6 Nxf6 17. Ne5 Nd5 18. Ne4 c5 19. dxc5 Bxc5 20. Rad1 Qe7 21. Nxc5 Rxc5 22. Bxd5 exd5 23. Rxd5 Bc4 0-1


[Site "https://www.chess.com"]

[Event "Titled Tuesday Blitz June 27 Late 2023"]
[White "Alex_Sahakyan2006"]
[Black "Leitao, Rafael"]
[BlackFideId "2101246"]
[WhiteElo "2687"]
[BlackElo "2796"]
[Result "1-0"]
[Round "11"]
[TimeControl "180+2"]
[Date "2023.06.27"]
[WhiteClock "0:00:31"]
[BlackClock "0:00:08"]
[Board "23"]

1. d4 Nf6 2. c4 g6 3. Nc3 Bg7 4. e4 d6 5. f4 c5 6. d5 O-O 7. Nf3 e6 8. Be2 exd5 9. cxd5 Bg4 10. O-O Nbd7 11. h3 Bxf3 12. Bxf3 a6 13. g4 b5 14. g5 Ne8 15. h4 c4 16. h5 Nc5 17. hxg6 fxg6 18. Be3 Nd3 19. Bg4 Nc7 20. Qd2 b4 21. Ne2 Qe7 22. Ng3 Bxb2 23. Rab1 Bc3 24. Qh2 Qg7 25. e5 dxe5 26. f5 Nxd5 27. f6 Qf7 28. Qh3 Rfe8 29. Nf5 gxf5 30. Bh5 Qb7 31. f7+ Kh8 32. Bg6 Qxf7 33. Bxf7 Nxe3 34. g6 Kg7 35. Qxh7+ Kf6 36. Qh4+ Kg7 37. Qh7+ Kf6 38. g7 Nf4 39. Rxf4 exf4 40. Qg6+ Ke5 41. Bxe8 1-0


[Site "https://www.chess.com"]

[Event "Titled Tuesday Blitz June 27 Late 2023"]
[White "Tiglon, Bryce"]
[Black "Vaibhav Jayant Raut"]
[WhiteFideId "2087456"]
[BlackFideId "5089034"]
[WhiteElo "2783"]
[BlackElo "2650"]
[Result "1-0"]
[Round "11"]
[TimeControl "180+2"]
[Date "2023.06.27"]
[WhiteClock "0:01:36"]
[BlackClock "0:01:31"]
[Board "24"]

1. Nf3 Nf6 2. e3 g6 3. d4 d5 4. Be2 Bg7 5. O-O O-O 6. b4 a5 7. b5 c6 8. a4 cxb5 9. Bxb5 Nc6 10. c3 Bf5 11. Ba3 Rc8 12. Qb3 Ne4 13. Nfd2 e5 14. Bxf8 Qxf8 15. Qxd5 Ne7 16. Qb3 exd4 17. Nxe4 Bxe4 18. cxd4 Qd8 19. Nc3 Bd5 20. Nxd5 Nxd5 21. Rac1 Nb4 22. Rc4 Rxc4 23. Qxc4 h5 24. Rc1 Qe7 25. Qc7 Qf6 26. Qxa5 Nd5 27. Qa8+ Kh7 28. Qxb7 Ne7 29. Qf3 Nf5 30. Bd3 Qg5 31. Bxf5 gxf5 32. Rc5 1-0


[Site "https://www.chess.com"]

[Event "Titled Tuesday Blitz June 27 Late 2023"]
[White "Janaszak, Dawid"]
[Black "Aradhya, Garg"]
[WhiteFideId "1119206"]
[BlackFideId "25006746"]
[WhiteElo "2597"]
[BlackElo "2753"]
[Result "0-1"]
[Round "11"]
[TimeControl "180+2"]
[Date "2023.06.27"]
[WhiteClock "0:00:00"]
[BlackClock "0:00:26"]
[Board "25"]

1. d4 d5 2. Bf4 Nf6 3. Nf3 Bf5 4. e3 e6 5. Bd3 Bxd3 6. Qxd3 c5 7. dxc5 Bxc5 8. Nbd2 O-O 9. O-O Nc6 10. a3 Re8 11. Ne5 Bd6 12. Nxc6 bxc6 13. Bxd6 Qxd6 14. h3 a5 15. c4 a4 16. Rac1 Reb8 17. Rc2 Qe5 18. Nf3 Qe4 19. Rd1 Ra6 20. cxd5 Qxd3 21. Rxd3 cxd5 22. Rd4 g6 23. Ne5 Ne4 24. f3 Nd6 25. Nc6 Rb3 26. Nb4 Rb6 27. e4 dxe4 28. fxe4 Re3 29. Nc6 Nxe4 30. Rxa4 h5 31. h4 Kg7 32. Rb4 Rxb4 33. Nxb4 Re1+ 34. Kh2 Rb1 35. Nd3 Rd1 36. Nf2 Nxf2 37. Rxf2 Rd3 38. Rf3 Rd2 39. Rb3 Rd4 40. Kg3 Rg4+ 41. Kh3 Kf6 42. Rf3+ Ke7 43. b4 Rc4 44. Rb3 Kd6 45. Rf3 f5 46. Rg3 Rg4 47. Rxg4 hxg4+ 48. Kg3 e5 49. b5 Kc5 50. a4 Kb6 51. Kf2 f4 52. Ke2 e4 53. Kf2 g3+ 54. Ke2 Ka5 55. Kf1 f3 56. Kg1 e3 57. Kf1 e2+ 58. Ke1 fxg2 0-1


[Site "https://www.chess.com"]

[Event "Titled Tuesday Blitz June 27 Late 2023"]
[White "Makridis, Dimitrios"]
[Black "Bitoon, Richard"]
[WhiteFideId "25864475"]
[BlackFideId "5201110"]
[WhiteElo "2745"]
[BlackElo "2594"]
[Result "1-0"]
[Round "11"]
[TimeControl "180+2"]
[Date "2023.06.27"]
[WhiteClock "0:00:34"]
[BlackClock "0:01:07"]
[Board "26"]

1. e4 e5 2. Nf3 Nc6 3. Bb5 a6 4. Bxc6 dxc6 5. O-O Bg4 6. h3 h5 7. d3 Qf6 8. Nbd2 Ne7 9. Re1 Ng6 10. Nf1 Bxf3 11. Qxf3 Qxf3 12. gxf3 Nh4 13. Nh2 g5 14. Be3 O-O-O 15. Rad1 c5 16. c3 f5 17. exf5 Nxf5 18. Bc1 Bd6 19. Re4 Rhg8 20. Be3 Rdf8 21. Kf1 g4 22. hxg4 hxg4 23. Nxg4 c4 24. dxc4 Nxe3+ 25. Rxe3 Bc5 26. Rxe5 Rxf3 27. Ke2 Rf4 28. Rxc5 Rfxg4 29. Re5 Rxc4 30. Re7 Rd8 31. Rxd8+ Kxd8 32. Re3 Ra4 33. a3 Rh4 34. Kf3 Rh1 35. Kg3 Rg1+ 36. Kh2 Rb1 37. Re2 c5 38. f4 Rf1 39. Kg3 b5 40. Kg4 a5 41. Kg5 b4 42. axb4 cxb4 43. cxb4 axb4 44. f5 Rg1+ 45. Kf6 Kd7 46. Kf7 b3 47. f6 Rc1 48. Re3 Kd6 49. Rxb3 Rc7+ 50. Kg6 Rc2 51. f7 Rg2+ 52. Kf6 Rf2+ 53. Kg7 Rg2+ 54. Kf8 Rc2 55. Rd3+ Ke6 56. b4 Rc7 57. Kg8 1-0


[Site "https://www.chess.com"]

[Event "Titled Tuesday Blitz June 27 Late 2023"]
[White "Licznerski, Lukasz"]
[Black "MKlose11"]
[WhiteFideId "1179250"]
[WhiteElo "2838"]
[BlackElo "2598"]
[Result "1/2-1/2"]
[Round "11"]
[TimeControl "180+2"]
[Date "2023.06.27"]
[WhiteClock "0:00:03"]
[BlackClock "0:00:05"]
[Board "27"]

1. e4 e6 2. d4 d5 3. Nd2 Be7 4. c3 c5 5. dxc5 Nf6 6. exd5 exd5 7. Bb5+ Nc6 8. Nb3 O-O 9. Nf3 Bg4 10. O-O Ne4 11. Be3 a5 12. a4 Rc8 13. Be2 h6 14. Nfd4 Bxe2 15. Qxe2 Nxc5 16. Qb5 Nxb3 17. Nxb3 Bd6 18. Rad1 Qh4 19. g3 Qh3 20. Qxd5 Rfd8 21. Qg2 Qe6 22. Nd4 Nxd4 23. Bxd4 Qb3 24. Rd2 Be5 25. Re1 Bxd4 26. cxd4 Rc7 27. d5 Qxa4 28. d6 Rcd7 29. Red1 Qb4 30. Qd5 Qb6 31. Qe5 a4 32. h4 Qc6 33. g4 b5 34. g5 hxg5 35. hxg5 Qf3 36. Rd3 Qg4+ 37. Kf1 b4 38. Rd4 Qh3+ 39. Kg1 a3 40. R1d3 Qe6 41. Qxe6 fxe6 42. bxa3 bxa3 43. g6 Kf8 44. Rxa3 Rxd6 45. Rf3+ Ke8 46. Rdf4 e5 47. Rf8+ Kd7 48. R3f7+ Kc6 49. Rxd8 Rxd8 50. Rxg7 Kd5 51. Kg2 Ke4 52. Kg3 Kf5 53. Kh4 Kf6 54. Ra7 Kxg6 55. Kg4 Rd4+ 56. Kg3 Kf5 57. Rf7+ Ke4 58. Rf8 Rd3+ 59. f3+ Kd4 60. Rd8+ Ke3 61. Re8 Kd4 62. Kg4 Ra3 63. Rd8+ Ke3 64. Rd5 Ra4+ 65. Kg3 e4 66. Re5 Kd3 67. Re8 Rb4 68. fxe4 Rxe4 69. Rd8+ Ke3 70. Rf8 Rd4 71. Rf3+ Kd2 72. Rf4 Kc3 73. Rxd4 Kxd4 1/2-1/2


[Site "https://www.chess.com"]

[Event "Titled Tuesday Blitz June 27 Late 2023"]
[White "Sargsyan, Anna M."]
[Black "Krzyzanowski, Marcin"]
[WhiteFideId "13308130"]
[BlackFideId "1132199"]
[WhiteElo "2596"]
[BlackElo "2832"]
[Result "1-0"]
[Round "11"]
[TimeControl "180+2"]
[Date "2023.06.27"]
[WhiteClock "0:00:20"]
[BlackClock "0:00:00"]
[Board "28"]

1. d4 d5 2. c4 e6 3. Nc3 Nf6 4. Nf3 Be7 5. Bf4 O-O 6. e3 b6 7. cxd5 Nxd5 8. Nxd5 Qxd5 9. a3 Bb7 10. Bxc7 Nc6 11. Be2 Na5 12. O-O Rac8 13. Rc1 Qa2 14. Rc2 Be4 15. Bd3 Bxf3 16. Qxf3 Qb3 17. Qe2 Qd5 18. Ba6 Ra8 19. b4 Nc6 20. Qc4 Qxc4 21. Rxc4 Nd8 22. Rfc1 f6 23. e4 Kf7 24. d5 f5 25. d6 Bg5 26. Re1 g6 27. g3 Bf6 28. e5 Bg7 29. f4 h6 30. Kf2 g5 31. Bxd8 Raxd8 32. Rc7+ Kg6 33. Re7 h5 34. Rxe6+ Kh7 35. Rc1 Rf7 36. Rc7 Rdf8 37. Ree7 Rxe7 38. dxe7 Re8 39. Bb5 Rb8 40. e8=Q 1-0


[Site "https://www.chess.com"]

[Event "Titled Tuesday Blitz June 27 Late 2023"]
[White "Tristan, Leonardo"]
[Black "Manukyan, Artyom"]
[WhiteFideId "113816"]
[BlackFideId "13305786"]
[WhiteElo "2765"]
[BlackElo "2589"]
[Result "1-0"]
[Round "11"]
[TimeControl "180+2"]
[Date "2023.06.27"]
[WhiteClock "0:01:15"]
[BlackClock "0:01:29"]
[Board "29"]

1. d4 d5 2. Nf3 Nf6 3. Bf4 c5 4. e3 Nc6 5. Nbd2 Nh5 6. dxc5 Nxf4 7. exf4 Qa5 8. c4 Qxc5 9. a3 Qd6 10. cxd5 Qxd5 11. Bc4 Qh5 12. O-O e6 13. Ne4 Be7 14. Nd6+ Kf8 15. Nxc8 Rxc8 16. Qd7 Rb8 17. b4 a6 18. Bxa6 Nxb4 19. Bxb7 Nd5 20. Bxd5 Qxd5 21. Rfd1 Qc5 22. Rac1 1-0


[Site "https://www.chess.com"]

[Event "Titled Tuesday Blitz June 27 Late 2023"]
[White "Santos Ruiz, Miguel"]
[Black "Przybylski, Wojciech"]
[WhiteFideId "22291482"]
[BlackFideId "1117599"]
[WhiteElo "2763"]
[BlackElo "2589"]
[Result "0-1"]
[Round "11"]
[TimeControl "180+2"]
[Date "2023.06.27"]
[WhiteClock "0:00:36"]
[BlackClock "0:00:33"]
[Board "30"]

1. e4 e5 2. Nf3 Nf6 3. Nxe5 d6 4. Nd3 Nxe4 5. Qe2 Qe7 6. Nf4 Nf6 7. h4 Nbd7 8. d4 Qxe2+ 9. Bxe2 d5 10. f3 c6 11. g4 h6 12. c3 Bd6 13. Kf2 Nf8 14. Bd3 Ne6 15. Ne2 Bd7 16. Nd2 O-O-O 17. Nf1 g6 18. Nfg3 Rde8 19. Bd2 h5 20. g5 Ng8 21. f4 Ne7 22. Rhf1 Ng7 23. Ng1 Bg4 24. Nf3 Bxf3 25. Kxf3 Nef5 26. Nxf5 Nxf5 27. Bxf5+ gxf5 28. Rae1 Kd7 29. Rxe8 Rxe8 30. Rg1 Re6 31. Be3 b5 32. a4 Kc7 33. axb5 cxb5 34. Ra1 Kb7 35. b3 a6 36. Rf1 Kc6 37. Ke2 Bc7 38. Kd3 a5 39. Rc1 Bd6 40. c4 dxc4+ 41. bxc4 bxc4+ 42. Rxc4+ Kd5 43. Rc8 Re7 44. Ra8 Bb4 45. Rd8+ Bd6 46. Bd2 Re4 47. Be3 Re7 48. Ra8 Bb4 49. Ra6 Rc7 50. Bd2 Bxd2 51. Kxd2 Kxd4 52. Rxa5 Ke4 53. Ra4+ Kf3 54. Kd3 Rd7+ 55. Kc4 Kxf4 56. Kc5+ Kg3 57. Kc6 Rd1 58. Ra5 f4 59. Rf5 f3 60. Rxf7 Rd4 61. g6 Rxh4 62. g7 Rg4 63. Kd6 f2 64. Ke7 Kg2 65. Kf8 f1=Q 0-1


[Site "https://www.chess.com"]